[Event "*** Titled Tuesday Blitz"]
[Site "Chess.com"]
[Date "2020.04.21"]
[Round "4"]
[White "davigator"]
[Black "vinniethepooh"]
[Result "0-1"]
[WhiteElo "2387"]
[BlackElo "2618"]
[TimeControl "180+1"]
[EndTime "10:41:33 PDT"]
[Termination "vinniethepooh won by checkmate"]

1. e4 c5 2. Nf3 d6 3. d4 cxd4 4. Nxd4 Nf6 5. Nc3 a6 6. Bg5 e6 7. f4 Nbd7 8. Qd2 h6 9. Bxf6 Qxf6 10. O-O-O b5 11. a3 Bb7 12. Kb1 g6 13. g3 Bg7 14.
Bg2 Nc5 15. Rhe1 Qxd4 16. Qxd4 Bxd4 17. Rxd4 Ke7 18. Re2 Rac8 19. Na2 h5 20. h4 e5 21. Rd1 Ne6 22. Rf2 Rc5 23. Nb4 a5 24. Nd5+ Bxd5 25.
exd5 Nc7 26. fxe5 Rd8 27. exd6+ Rxd6 28. Rdf1 f5 29. Re1+ Kf6 30. Rfe2 Nxd5 31. Re8 b4 32. a4 b3 33. cxb3 Nb4 34. R8e2 Rc7 35. Bf1 Rcd7 36.
Rc1 Rd1 37. Re1 Rxe1 38. Rxe1 Rd2 39. Bc4 Rg2 40. Re6+ Kg7 41. Kc1 Rxg3 42. Re7+ Kf8 43. Ra7 Rg1+ 44. Kd2 Rg2+ 45. Kc3 Rc2+ 46. Kd4 Nc6+ 47. Kd3 Nxa7 48. Kxc2 Nc6 49. Kd3 Ke7 50. Ke3 Kf6 51. Kf4 Nb4 52. Be2 Nd5+ 53. Kf3 g5 54. hxg5+ Kxg5 55. Kg3 h4+ 56. Kf3 Kf6 57. Bf1 Ke5 58. Bc4 Nf6 59. b4 axb4 60. a5 Kd6 61. Kf4 Kc5 62. Bf1 Nd5+ 63. Kxf5 Ne3+ 64. Kg5 Nxf1 65. Kxh4 Ne3 66. b3 Kb5 67. Kg3 Kxa5 68. Kf3 Nd5 69. Ke4 Nc3+ 70. Kd4 Kb5 71. Kd3 Kc5 72.
Ke3 Nd5+ 73. Kd3 Ne7 74. Ke4 Nc6 75. Kd3 Nd4 76. Kd2 Nxb3+ 77. Kc2 Nd4+ 78. Kb2 Kc4 79. Ka2 b3+ 80. Kb2 Nb5 81. Kb1 Kc3 82. Kc1 b2+ 83.
Kb1 Na3+ 84. Ka2 b1=Q+ 85. Kxa3 Qb3# 0-1

[Event "*** Titled Tuesday Blitz"]
[Site "Chess.com"]
[Date "2020.04.21"]
[Round "4"]
[White "GadimbayliA"]
[Black "Korchmar_Vasiliy"]
[Result "1-0"]
[WhiteElo "2927"]
[BlackElo "2580"]
[TimeControl "180+1"]
[EndTime "10:41:36 PDT"]
[Termination "GadimbayliA won on time"]

1. e4 c5 2. Nf3 d6 3. d4 cxd4 4. Nxd4 Nf6 5. Nc3 Nc6 6. Bb5 Bd7 7. Bg5 e6 8. O-O Be7 9. Bxc6 bxc6 10. e5 dxe5 11. Nf3 Nd5 12. Bxe7 Qxe7 13. Nxe5 Nxc3 14. bxc3 Rd8 15. Rb1 Qc5 16. Re1 Bc8 17. Qf3 O-O 18. Nxc6 Rd2 19. Nd4 Qc4 20. Qe3 Rxd4 21. cxd4 Qxc2 22.
Qb3 Qf5 23. Qb5 Qg4 24. Qc5 Ba6 25. Qxa7 Bc4 26. h3 Qg6 27. Rb8 Bd5 28. Rxf8+ Kxf8 29. Qb8+ Ke7 30. Qc7+ Ke8 31. Qg3 Qxg3 32. fxg3 Bxa2 33. Kf2 Ke7 34. g4 Bd5 35. g3 Kf6 36. Ke3 h6 37.
Rf1+ Ke7 38. Kf4 Bg2 39. Rf2 Bxh3 40. g5 hxg5+ 41. Kxg5 Bf5 42. g4 Be4 43. Ra2 f6+ 44. Kf4 Bd5 45. Ra7+ Kf8 46. g5 fxg5+ 47. Kxg5 Be4 48.
Kf4 Bd5 49. Ke5 Kg8 50. Kd6 Bc4 51. Ke7 Bd5 52. Rc7 Kh7 53. Kf7 e5+ 54. Ke7 exd4 55. Rd7 Bb3 56. Rxd4 Bc2 57. Kf7 Bg6+ 58. Kf8 Bc2 59.
Rd2 Bb1 60. Rd1 Bc2 61. Rc1 Bd3 62. Rg1 g5 63. Rxg5 Kh8 64. Rg7 Bf5 65. Rg8+ Kh7 66. Rg5 Be4 67. Kf7 Kh8 68. Rg4 Bd3 69. Kf6 Bc2 70.
Rh4+ 1-0

[Event "*** Titled Tuesday Blitz"]
[Site "Chess.com"]
[Date "2020.04.21"]
[Round "4"]
[White "Toro1234"]
[Black "Munkhzul_Turmunkh"]
[Result "0-1"]
[WhiteElo "2628"]
[BlackElo "2461"]
[TimeControl "180+1"]
[EndTime "10:41:36 PDT"]
[Termination "Munkhzul_Turmunkh won by resignation"]

1. d4 Nf6 2. Bg5 d5 3. e3 c5 4. c3 Nc6 5. Nd2 e6 6. Ngf3 h6 7. Bh4 Be7 8. Bd3 O-O 9. O-O b6 10. Ne5 Bb7 11. f4 Nd7 12. Bxe7 Qxe7 13. Qh5 Nf6 14. Qf3 Nd7 15. g4 a5 16. Rf2 Ncxe5 17. fxe5 Ba6 18. Bxa6 Rxa6 19. Raf1 Raa8 20. Qg3 f6 21. exf6 Rxf6 22. Rxf6 Nxf6 23. h3 Rf8 24. Kg2 Nh7 25. Rxf8+ Nxf8 26. Qb8 cxd4 27. exd4 h5 28.
Nf3 hxg4 29. hxg4 Qf6 30. Kg3 Kh7 31. Qxb6 Ng6 32. Qc7 a4 33. b4 axb3 34. axb3 Nf8 35. b4 Qh6 36. Qf4 Ng6 37. Qxh6+ Kxh6 38. b5 Ne7 39. b6 Nc6 40. Ne5 Nb8 41. Kf4 g5+ 42.
Ke3 Kg7 43. b7 Kf6 44. Nf3 Nc6 45. Kd3 Nb8 46. Kc2 Nc6 47. Kb3 Na5+ 48. Kb4 Nxb7 49. Kb5 Nd6+ 50. Kc5 Ne4+ 51. Kb4 Nf2 52. Ne5 Ne4 53.
Kb3 Nd2+ 54. Kc2 Ne4 55. Kd3 Nf2+ 56. Ke3 Ne4 57. c4 Nd6 58. c5 Nb7 59. c6 Nd6 60. c7 Ke7 61. Kd3 Nc8 62. Kc3 Kd6 63.
Nf7+ Kxc7 64. Nxg5 Kd6 65. Nf7+ Ke7 66. Ne5 Nd6 67. Kb4 Kf6 68. Kc5 Ne4+ 69. Kc6 Nd2 70. Kd6 Nb3 71. Nf3 Na5 72. g5+ Kf5 73. Ke7 Nc6+ 74. Kf7 Nxd4 75. g6 Nxf3 76. g7 Ng5+ 77. Ke8 Nh7 78. g8=Q Nf6+ 0-1

[Event "*** Titled Tuesday Blitz"]
[Site "Chess.com"]
[Date "2020.04.21"]
[Round "4"]
[White "nihalsarin"]
[Black "TST2014"]
[Result "0-1"]
[WhiteElo "3023"]
[BlackElo "2609"]
[TimeControl "180+1"]
[EndTime "10:41:37 PDT"]
[Termination "TST2014 won on time"]

1. e4 c5 2. Nf3 Nc6 3. Nc3 d6 4. d4 cxd4 5. Nxd4 Nf6 6. Bg5 e6 7. Qd2 a6 8. O-O-O Bd7 9. f4 h6 10. Bh4 Nxe4 11. Nxe4 Qxh4 12. Nf3 Qe7 13. f5 O-O-O 14.
Bd3 d5 15. Nc3 Qf6 16. fxe6 fxe6 17. Rhf1 Bb4 18. a3 Ba5 19. Kb1 Bxc3 20. bxc3 Rhf8 21. Rde1 Qf4 22. Qe2 Qa4 23. Kb2 Rf6 24. Ne5 Rdf8 25. Rxf6 Rxf6 26. Nxd7 Kxd7 27. Qe3 Qf4 28. Qg1 Qf2 29. Qh1 Qb6+ 30. Ka2 Qc5 31. Kb2 e5 32. Rd1 Kc7 33. Qe1 e4 34. Qg3+ Kb6 35. Qxg7 Re6 36. Be2 Ne5 37. Qg3 Ka7 38. Ka2 Nc4 39. Bxc4 Qxc4+ 40. Ka1 e3 41. Rd4 e2 42. Qe1 Qc5 43. Kb2 Rb6+ 44.
Kc1 Qxa3+ 45. Kd2 Re6 46. Rxd5 Qa4 47. Qf2+ Kb8 48. Qf8+ Ka7 49. Qc5+ Rb6 50. Rd6 Qf4+ 51. Kxe2 Qxd6 52. Qh5 Qe6+ 53. Kd2 Rd6+ 54. Kc1 Qe3+ 55. Kb2 Rb6+ 56. Ka2 Qe4 57. Qc5 Qa4+ 58. Qa3 Qxc2+ 0-1

[Event "*** Titled Tuesday Blitz"]
[Site "Chess.com"]
[Date "2020.04.21"]
[Round "4"]
[White "tvjosue"]
[Black "Lagmantr"]
[Result "1-0"]
[WhiteElo "2531"]
[BlackElo "2709"]
[TimeControl "180+1"]
[EndTime "10:41:37 PDT"]
[Termination "tvjosue won by resignation"]

1. d4 g6 2. e4 Bg7 3. Nc3 d6 4. Be3 Nd7 5. Qd2 h6 6. O-O-O e6 7. Kb1 Ne7 8. Nge2 a6 9. g4 b5 10.
Ng3 Bb7 11. f3 b4 12. Nce2 a5 13. Nc1 Nb6 14. h4 Ba6 15. Bxa6 Rxa6 16. Qe2 Qa8 17. f4 a4 18. Qb5+ Kd8 19. Qxb4 Kd7 20. Qb5+ c6 21. Qd3 Rb8 22. e5 d5 23. f5 Nc4 24. b3 axb3 25. cxb3 Bf8 26. fxe6+ fxe6 27. Rh2 c5 28. dxc5 Nxe5 29. Qc3 N7c6 30. Bf4 Nxg4 31. Re2 Be7 32. Bxb8 Qxb8 33. Ne4 Qe5 34. Qd3 Ra8 35. Qf3 Qf5 36. Qd3 Nge5 37. Qc2 Nf3 38. Nf2 Qxc2+ 39.
Rxc2 Ncd4 40. Rc3 Bf6 41. Rdd3 Ne1 42. Rd1 Ndf3 43. Re3 Bd4 44. c6+ Kxc6 45. Rxe6+ Kd7 46.
Re2 Ng2 47. Nfd3 Ne3 48. Rh1 Re8 49. Rh3 Ne5 50. Rhxe3 Bxe3 51. Rxe3 Nxd3 52. Rxd3 Kd6 53. Rd4 g5 54. hxg5 hxg5 55. Rg4 Rg8 56. Nd3 Ke6 57.
Nf2 Kf5 58. Rg2 Kf4 59. Nh3+ Kf5 60. Rxg5+ Rxg5 61. Nxg5 Kxg5 62. Kc2 Kf4 63. Kd3 Ke5 64. a4 Kd6 65. b4 Kc6 66. Kd4 Kd6 67. b5 1-0

[Event "*** Titled Tuesday Blitz"]
[Site "Chess.com"]
[Date "2020.04.21"]
[Round "4"]
[White "scaryninja"]
[Black "hitaman"]
[Result "1/2-1/2"]
[WhiteElo "2515"]
[BlackElo "2687"]
[TimeControl "180+1"]
[EndTime "10:41:37 PDT"]
[Termination "Game drawn - insufficient material"]

1. e4 e5 2. Nf3 Nc6 3. Bc4 Bc5 4. d3 a6 5. O-O Ba7 6. Re1 Nf6 7.
Nbd2 d6 8. Nf1 Na5 9. Bb3 Nxb3 10. axb3 Ng4 11. Ne3 O-O 12. h3 Nh6 13. c3 f5 14.
exf5 Nxf5 15. Nxf5 Bxf5 16. Be3 e4 17. dxe4 Bxe4 18. Nd2 Bc6 19. Qg4 Bxe3 20. Rxe3 Qf6 21.
Qe6+ Qxe6 22. Rxe6 Rae8 23. Rae1 Rxe6 24. Rxe6 Kf7 25. Re3 a5 26. f4 h6 27. g4 Ra8 28.
Kf2 a4 29. bxa4 Rxa4 30. b4 Ra2 31. Ke1 Bg2 32. Rg3 Bd5 33. Re3 b6 34. Ke2 c5 35.
Kd3 b5 36. bxc5 dxc5 37. Re5 c4+ 38. Ke3 Bg2 39. Rxb5 Rc2 40. Nxc4 Rxc3+ 41. Kd4 Rxh3 42. Ne5+ Kg8 43. Rb8+ Kh7 44. Rf8 Rg3 45. g5 hxg5 46.
fxg5 Rxg5 47. Rf4 g6 48. Rh4+ Kg7 49. Rf4 Bh3 50. Nf3 Ra5 51. Ke3 Bf5 52. Kf2 Ra3 53. Rb4 Kf6 54. Rb6+ Kg7 55. Nd4 Be4 56. Ne6+ Kh6 57.
Nc5 Bf5 58. Ne6 Kh5 59. Nf4+ Kg5 60. Nd5 Ra2+ 61. Kg3 Ra3+ 62. Kf2 Be4 63. Ne3 Kf4 64. Rf6+ Ke5 65. Rb6 Kf4 66. Rf6+ Kg5 67. Rb6 Ra2+ 68.
Kg3 Re2 69. Rb5+ Kh6 70. Ng4+ Kg7 71. Re5 Bd3 72. Rxe2 Bxe2 73. Ne5 Kf6 74. Nxg6 1/2-1/2

[Event "*** Titled Tuesday Blitz"]
[Site "Chess.com"]
[Date "2020.04.21"]
[Round "4"]
[White "nonscitis"]
[Black "Lion-Al-Messi"]
[Result "0-1"]
[WhiteElo "2603"]
[BlackElo "2441"]
[TimeControl "180+1"]
[EndTime "10:41:37 PDT"]
[Termination "Lion-Al-Messi won by resignation"]

1. d4 b6 2. Nf3 Bb7 3. g4 e6 4. Bg2 Ne7 5. O-O Nbc6 6. e4 d5 7. Nc3 dxe4 8. Nxe4 Ng6 9. Re1 Be7 10. a3 O-O 11. c4 Qd7 12. d5 exd5 13. cxd5 Nce5 14.
Nxe5 Nxe5 15. Bf4 Nxg4 16. Rc1 Rac8 17. h3 Nf6 18. d6 cxd6 19. Rxc8 Rxc8 20. Nxd6 Bxd6 21.
Qxd6 Qxd6 22. Bxd6 Bxg2 23. Kxg2 Rd8 24. Rc1 Nd5 25.
Bg3 f6 26. a4 Kf7 27. a5 Ke6 28. axb6 axb6 29. Ra1 g5 30. h4 g4 31. Ra7 Rd7 32. Ra8 Kf5 33. Rb8 Ke4 34. Re8+ Kd3 35. h5 Kc2 36. Re2+ Kd1 37. Re6 Kc2 38. Re2+ Kb3 39.
Kh2 f5 40. Rd2 Nf6 41. Re2 Nxh5 42. Re5 Nxg3 43. Kxg3 Rd3+ 44. Kg2 Kxb2 45. Rxf5 Rb3 46. Rh5 Rb4 47. Rxh7 b5 48. Kf1 Ka3 49. Ke2 Re4+ 50. Kd3 Rf4 51. Rg7 b4 52. Ra7+ Kb3 53. Ke3 Rc4 54. Rg7 Kc3 55. Ke2 b3 56. Kd1 b2 57.
Rb7 Rb4 58. Rxb4 Kxb4 59. Kc2 Ka3 60. Kb1 Kb3 61. f4 g3 62. f5 g2 0-1

[Event "*** Titled Tuesday Blitz"]
[Site "Chess.com"]
[Date "2020.04.21"]
[Round "4"]
[White "Pechen_Yeltsina"]
[Black "Sashadav97"]
[Result "0-1"]
[WhiteElo "2780"]
[BlackElo "2569"]
[TimeControl "180+1"]
[EndTime "10:41:42 PDT"]
[Termination "Sashadav97 won by checkmate"]

1. d4 d5 2. c4 e6 3. Nf3 a6 4. g3 dxc4 5. Bg2 b5 6. Ne5 Ra7 7. a4 Bb7 8. e4 Nd7 9. axb5 Nxe5 10. dxe5 Qxd1+ 11. Kxd1 Bc5 12. bxa6 Rxa6 13. Rxa6 Bxa6 14. f4 Ne7 15. Nc3 Nc6 16. Kc2 Ke7 17. Rd1 Rb8 18.
Na4 Ba7 19. Bd2 Nb4+ 20. Bxb4+ Rxb4 21. Nc3 Bb7 22. Bf1 Bc6 23. Rd2 h6 24. f5 Bc5 25. g4 Be3 26. Rd1 Bf4 27. h3 Bxe5 28. Bg2 Rb8 29. Ra1 Ra8 30. Rxa8 Bxa8 31. Nd1 Kd6 32.
fxe6 fxe6 33. Kd2 Kc5 34. Nc3 Bc6 35. Bf3 Bf4+ 36. Ke2 Kb4 37. Kf2 Kb3 38. Nd1 Kc2 39. Ke1 Bd2+ 40. Ke2 Bb5 41. Kf2 Bf4 42. Nc3 Bc6 43. Nd1 Be5 44. Be2 Bxe4 45. Ne3+ Kc1 46. Nxc4 Bxb2 47. Ke3 Bd5 48. h4 c5 49. h5 Bd4+ 50.
Kd3 Kb1 51. Bd1 Ka2 52. Ba4 Bf3 53. Kc2 Bxg4 54. Bb3+ Ka1 55. Na3 Bf5+ 56. Kc1 Be3+ 57. Kd1 Kb2 58. Nc4+ Kxb3 59. Nxe3 Kc3 60. Ke2 Kd4 61.
Kf3 c4 62. Nf1 c3 63. Ne3 c2 64. Nxc2+ Bxc2 65. Kf4 Bf5 66. Kg3 e5 67. Kf3 e4+ 68.
Kf4 e3 69. Kxf5 e2 70. Kg6 e1=Q 71. Kxg7 Qe3 72. Kh7 Qg5 73. Kh8 Qxh5 74. Kh7 Qg5 75. Kh8 h5 76. Kh7 h4 77. Kh8 h3 78. Kh7 h2 79. Kh8 h1=Q# 0-1

[Event "*** Titled Tuesday Blitz"]
[Site "Chess.com"]
[Date "2020.04.21"]
[Round "4"]
[White "Kildepiotr"]
[Black "PowerThinking2650"]
[Result "1-0"]
[WhiteElo "2535"]
[BlackElo "2279"]
[TimeControl "180+1"]
[EndTime "10:41:44 PDT"]
[Termination "Kildepiotr won by resignation"]

1. Nf3 Nf6 2. g3 g6 3. Bg2 Bg7 4. O-O d6 5. d4 Nbd7 6. Nbd2 O-O 7. e4 e5 8. dxe5 Nxe5 9. Nxe5 dxe5 10. Qe2 Bg4 11. f3 Be6 12. Rd1 Qe7 13. Nf1 Rfd8 14. Be3 b6 15. a4 a5 16. b3 Nd7 17. Nd2 Bf6 18. Nc4 Bg5 19. Bf2 f6 20. Bf1 Nc5 21. Qe1 Bf7 22. Rxd8+ Rxd8 23. Rd1 Rxd1 24. Qxd1 Ne6 25.
Nb2 h5 26. Bc4 h4 27. Qd3 hxg3 28. hxg3 Nc5 29. Bxf7+ Kxf7 30. Qd5+ Ne6 31. Nd3 Qd8 32. Kf1 Qxd5 33. exd5 Nf8 34. d6 c5 35. Nb2 Nd7 36.
Nc4 Ke6 37. Ke2 f5 38. c3 Kd5 39. Be1 e4 40. f4 Bf6 41. g4 Bg7 42. gxf5 gxf5 43.
Ne3+ Ke6 44. Bh4 Bf8 45. Be7 Bg7 46. Kd2 Bh6 47. Ng2 Kd5 48. Ne3+ Ke6 49. Ng2 Kd5 50.
c4+ Ke6 51. Ke3 Bg7 52. Nh4 Bd4+ 53. Ke2 Nb8 54. Ng6 Nd7 55. Nh4 Bf6 56. Ng2 Bxe7 57. dxe7 Kxe7 58. Ne3 Ke6 59. Kf2 Nf6 60. Kg3 Ne8 61. Kh4 Nc7 62. Kg5 Ne8 63. Nxf5 Nd6 64. Ne3 Kf7 65. f5 Ne8 66. Kf4 Nf6 67. Nd5 Nxd5+ 68.
cxd5 b5 69. Kxe4 c4 70. axb5 cxb3 71. Kd3 a4 72. Kc3 Ke7 73. b6 Kd6 74. f6 Kxd5 75.
f7 1-0

[Event "*** Titled Tuesday Blitz"]
[Site "Chess.com"]
[Date "2020.04.21"]
[Round "4"]
[White "RiskyDecision"]
[Black "GMJustin"]
[Result "0-1"]
[WhiteElo "2529"]
[BlackElo "2364"]
[TimeControl "180+1"]
[EndTime "10:41:44 PDT"]
[Termination "GMJustin won by checkmate"]

1. d4 d5 2. c4 dxc4 3. e4 Nf6 4. e5 Nd5 5. Bxc4 Bf5 6. Nf3 e6 7. O-O Be7 8. Nc3 Nxc3 9. bxc3 O-O 10. a4 c5 11. a5 Nc6 12. a6 b6 13. Be3 cxd4 14. cxd4 Nb4 15. Qe2 Rc8 16. Rfc1 Rc7 17. h3 Qa8 18. Bb5 Rfc8 19. Bd2 Rxc1+ 20. Rxc1 Rxc1+ 21. Bxc1 Be4 22. Ne1 Bc6 23. Ba3 Bxb5 24. Qxb5 Qc6 25. Qe2 Nd5 26. Bxe7 Nxe7 27. Nf3 Nd5 28. g3 h6 29. Qe4 b5 30. Kh2 Qxa6 31. Nd2 b4 32.
Nb3 Qc4 33. Qb1 Nc3 34. Qc2 Qd5 35. h4 a5 36. h5 a4 37. Nc5 a3 38. f4 Qxd4 39. Nb3 Qd5 40. Na1 a2 41. Qf2 Kh7 42.
Qc2+ Qe4 43. Qf2 Qe2 44. Kg2 Qxf2+ 45. Kxf2 g6 46. hxg6+ Kxg6 47. Ke1 Kf5 48. Kd2 h5 49. Kc2 Kg4 50. Kb2 Kxg3 51. Nc2 Kxf4 52. Nxb4 Kxe5 53. Nc2 Nd1+ 54. Kxa2 h4 55. Kb1 h3 56. Ne1 Ke4 57. Kc1 Nf2 58. Kd2 h2 59. Ke2 h1=Q 60. Kxf2 Qh2+ 61. Kf1 e5 62. Ng2 f5 63. Ne1 f4 64. Ng2 f3 65. Ne1 Qe2+ 66. Kg1 f2+ 67. Kh2 fxe1=Q+ 68. Kh3 Qh5+ 69. Kg2 Qhh1# 0-1

[Event "*** Titled Tuesday Blitz"]
[Site "Chess.com"]
[Date "2020.04.21"]
[Round "4"]
[White "Jumbo"]
[Black "GMMarcinDziuba"]
[Result "1-0"]
[WhiteElo "2833"]
[BlackElo "2690"]
[TimeControl "180+1"]
[EndTime "10:41:45 PDT"]
[Termination "Jumbo won by resignation"]

1. d4 Nf6 2. c4 g6 3. g3 Bg7 4. Bg2 O-O 5. Nf3 d6 6. O-O Nc6 7. Nc3 Bf5 8. b3 Ne4 9. Nd5 e6 10. Ne3 Nc3 11. Qd2 Ne4 12. Qd1 Nc3 13. Qe1 Nxd4 14.
Nxd4 Bxd4 15. Bb2 Qf6 16. g4 Nxe2+ 17. Qxe2 Bxb2 18. Rad1 Kh8 19. Bxb7 Rab8 20. Bg2 Bd4 21. Kh1 Rg8 22. gxf5 gxf5 23. f4 Rg6 24. Bf3 Rbg8 25. Ng2 Rh6 26. Bh5 Bb6 27. Rd3 a5 28. Rh3 Qd4 29. Qf3 Rg7 30. Qe2 Qf6 31. Rd1 Qe7 32.
Qf3 Qf6 33. Qe2 Rg8 34. a3 Rg7 35. b4 axb4 36. axb4 Rg8 37. Rc1 Ra8 38. c5 dxc5 39. bxc5 Bxc5 40. Rxc5 Ra1+ 41. Ne1 Qd4 42. Qe5+ Qxe5 43.
Rxe5 Kg7 44. Re2 Kf6 45. Kg2 Ra4 46. Rf2 Re4 47. Nd3 Ke7 48. Bf3 Rxh3 49. Kxh3 Re3 50. Nb2 c5 51. Kg2 Rc3 52. Be2 f6 53. Nc4 Rc2 54.
Bf1 Rc3 55. Rf3 Rc2+ 56. Kg1 Rc1 57. Rh3 Kd7 58. Rxh7+ Kc6 59. Rh3 Kd5 60. Rd3+ Ke4 61. Re3+ Kxf4 62. Rxe6 Kf3 63. Rxf6 f4 64. Ne5+ Ke4 65.
Nc4 Kf3 66. h3 Rxf1+ 67. Kxf1 Ke4 68. Nd2+ Ke3 69. Rd6 c4 70. Nxc4+ 1-0

[Event "*** Titled Tuesday Blitz"]
[Site "Chess.com"]
[Date "2020.04.21"]
[Round "4"]
[White "amintabatabaei"]
[Black "vanea_03"]
[Result "1/2-1/2"]
[WhiteElo "2824"]
[BlackElo "2654"]
[TimeControl "180+1"]
[EndTime "10:41:45 PDT"]
[Termination "Game drawn by repetition"]

1. e4 e5 2. Nf3 Nc6 3. Bb5 a6 4. Ba4 Nf6 5. O-O Bc5 6. c3 b5 7.
Bb3 d6 8. a4 Rb8 9. d4 Bb6 10.
a5 Ba7 11. h3 O-O 12. Be3 exd4 13. cxd4 Nb4 14. Re1 Bb7 15. d5 Bxe3 16. Rxe3 c5 17.
Nc3 Re8 18. Qd2 Nd7 19. Bc2 Nxc2 20. Qxc2 Bc8 21. Ne2 Qf6 22. Re1 b4 23. Nc1 Ne5 24. Nxe5 Qxe5 25. Nd3 Qd4 26. Rd1 Bd7 27. b3 Bb5 28.
Nb2 Qe5 29. Nc4 Bxc4 30. Qxc4 Rb5 31. g3 Rxa5 32. f4 Qb2 33. Re2 Qc3 34. Qxc3 bxc3 35. Rc1 Rb5 36. Rxc3 f6 37. Ree3 Rb4 38. Rc4 a5 39. Kf2 Kf7 40. Kf3 Reb8 41. Rxb4 axb4 42. e5 fxe5 43. fxe5 dxe5 44. Rxe5 Ra8 45. d6 Ra1 46.
Rd5 Ke8 47. Rxc5 Ra3 48. Rc7 Rxb3+ 49. Kf4 g5+ 50. Kg4 h5+ 51. Kxh5 Rxg3 52. Kg6 b3 53. Rb7 Rxh3 54. Kf5 Rd3 55. Ke6 Re3+ 56. Kf5 Kd8 57. Kxg5 b2 58. Kf5 Re2 59. Kf6 Rf2+ 60. Ke6 Re2+ 61. Kd5 Rd2+ 62. Kc6 Rc2+ 63. Kd5 Rd2+ 64. Kc5 Rc2+ 65. Kd4 Rd2+ 66. Ke5 Re2+ 67. Kf4 Rd2 68. Ke5 Re2+ 69. Kd5 Rd2+ 1/2-1/2

[Event "*** Titled Tuesday Blitz"]
[Site "Chess.com"]
[Date "2020.04.21"]
[Round "4"]
[White "donotreadit"]
[Black "EddieMarsalla"]
[Result "0-1"]
[WhiteElo "2664"]
[BlackElo "2526"]
[TimeControl "180+1"]
[EndTime "10:41:45 PDT"]
[Termination "EddieMarsalla won on time"]

1. Nf3 d5 2. b3 Bg4 3. e3 e6 4. Bb2 Nd7 5. h3 Bh5 6. c4 c6 7. Nc3 Ngf6 8. d4 Bb4 9. a3 Bxc3+ 10. Bxc3 Ne4 11. Qc2 f5 12. Be2 O-O 13. O-O Nxc3 14. Qxc3 Nf6 15. Qc2 Bxf3 16. Bxf3 Ne4 17. b4 Qh4 18. a4 Rf6 19. Rfc1 Ng5 20. Qe2 f4 21. exf4 Qxf4 22. Bg4 Qxd4 23. Rd1 Qf4 24. b5 Raf8 25. Ra2 g6 26. bxc6 bxc6 27. cxd5 cxd5 28. Qd2 h5 29. Qxf4 Rxf4 30. Be2 Rxf2 31. Bc4 Rxa2 32. Bxa2 Rb8 33. Bb1 Kg7 34. Rc1 a5 35. Bd3 Rb4 36. Bb5 e5 37. Rc6 e4 38. Ra6 d4 39. Be8 Kf8 40.
Bxg6 d3 41. Kf2 Rb2+ 42. Ke1 Rxg2 43. Bxh5 e3 44. Rf6+ Ke7 45. Rf5 Ke6 46. Rf1 Ne4 47. Bg4+ Ke5 48. Bf3 Rf2 49. Rxf2 Nxf2 50. Kf1 Kf4 51. Bh5 Nxh3 52. Bg6 e2+ 53. Ke1 Ke3 54. Bxd3 Nf4 0-1

[Event "*** Titled Tuesday Blitz"]
[Site "Chess.com"]
[Date "2020.04.21"]
[Round "4"]
[White "Tapuah"]
[Black "Mikhail_Biryukov"]
[Result "0-1"]
[WhiteElo "2838"]
[BlackElo "2676"]
[TimeControl "180+1"]
[EndTime "10:41:46 PDT"]
[Termination "Mikhail_Biryukov won by resignation"]

1. e4 c5 2. Nf3 Nc6 3. Bb5 g6 4. c3 Nf6 5. Qe2 Bg7 6. O-O O-O 7. d4 d5 8. e5 Ne4 9. Rd1 cxd4 10. cxd4 f6 11. Nc3 Nxc3 12. bxc3 Bg4 13. e6 Qd6 14. Re1 Nd8 15. Bd7 f5 16. a4 Bf6 17. Ba3 Qc7 18. h3 Bh5 19. Rac1 Nc6 20. Qe3 Na5 21. Ne5 b6 22. g4 Bxe5 23. Qxe5 Qxe5 24. Rxe5 Nc4 25. gxh5 Nxa3 26. Rxd5 Nc4 27. h6 g5 28. Kg2 Rf6 29. Kg3 Raf8 30. f4 gxf4+ 31. Kxf4 Rxh6 32. Rg1+ Rg6 33. Rg5 Nd6 34. h4 Kg7 35. c4 Nxc4 36. Rdxf5 Nd6 37. Rxf8 Kxf8 38. Rxg6 hxg6 39. Kg5 Kg7 40.
Bc6 a6 41. Bf3 b5 42. a5 b4 43. Bd5 Nb5 44. Bc4 Nxd4 45. Bxa6 Nxe6+ 46. Kg4 b3 47. Bd3 Nc5 48. Bb1 e5 49. Kf3 Kf6 50. Ke3 Ke6 51. Kd2 e4 52. Kc3 Kd5 53. a6 Nxa6 54.
Kxb3 Kd4 55. Kc2 Nc5 56. Kd2 Nd3 57. Ke2 Ne5 58. Bc2 Nf3 59. Bb1 Nxh4 60. Kf2 Nf5 61.
Ke2 g5 62. Kf2 g4 63. Ke2 g3 64. Ba2 Ke5 65. Kf1 Kf4 66. Ke2 Nd4+ 67. Kf1 e3 68. Bc4 Kg4 69. Kg2 e2 70. Be6+ Nxe6 0-1

[Event "*** Titled Tuesday Blitz"]
[Site "Chess.com"]
[Date "2020.04.21"]
[Round "4"]
[White "MaxVavulin"]
[Black "BogdanDeac"]
[Result "0-1"]
[WhiteElo "2575"]
[BlackElo "2920"]
[TimeControl "180+1"]
[EndTime "10:41:48 PDT"]
[Termination "BogdanDeac won on time"]

1. e4 c6 2. d4 d5 3. Nc3 a6 4. Bf4 dxe4 5. Nxe4 Bf5 6. Nc5 Qc8 7. Nf3 Nd7 8. Bd3 Nxc5 9. dxc5 Qe6+ 10. Qe2 Qxe2+ 11.
Kxe2 Bg4 12. h3 Bxf3+ 13. Kxf3 Nf6 14. c3 e6 15. b4 O-O-O 16. Ke2 Nd5 17. Bd2 Be7 18.
Rac1 Bf6 19. h4 Rd7 20. Be4 Rhd8 21. Rc2 Be5 22. g3 f5 23. Bg2 Bf6 24. a4 h6 25.
h5 Bg5 26. f4 Bf6 27. c4 Nc7 28. Rb1 Rd3 29. Be3 Ra3 30. b5 axb5 31. axb5 cxb5 32. cxb5 Rdd3 33. Bf2 Rdc3 34. Rd2 Rcb3 35. Rbd1 Nxb5 36. Kf1 Nc3 37. Rc1 Ne4 38. Bxe4 fxe4 39. c6 b5 40. Rd7 e3 41. Be1 Rb2 42. Rf7 e2+ 43. Kg2 Rbb3 44.
Rf8+ Kc7 45. Rf7+ Kc8 46. c7 Bc3 47. Re7 b4 48. Rxe6 Rb2 49. Re7 Rab3 50. Kh3 Ra3 51.
Kg4 Rba2 52. Kf5 Ra1 53. Rxa1 Rxa1 54. Bxc3 bxc3 55. Rxe2 Ra6 56. Rc2 Rc6 57. Ke5 Kxc7 58. g4 Kd7 59. g5 Ke7 60. gxh6 gxh6 61. Kf5 Kf7 62. Ke5 Rc8 63. f5 Ke7 64. Kd4 Kf6 65.
Ke4 Rc5 66. Kd4 Rxf5 67. Rxc3 Rxh5 68. Rg3 Rh4+ 0-1

[Event "*** Titled Tuesday Blitz"]
[Site "Chess.com"]
[Date "2020.04.21"]
[Round "4"]
[White "Shield12"]
[Black "rpragchess"]
[Result "1/2-1/2"]
[WhiteElo "2920"]
[BlackElo "2759"]
[TimeControl "180+1"]
[EndTime "10:41:49 PDT"]
[Termination "Game drawn by repetition"]

1. e4 c5 2. Nf3 e6 3. d4 cxd4 4. Nxd4 a6 5. c4 Nf6 6. Nc3 Qc7 7. a3 b6 8. Be3 Bb7 9. f3 d6 10. Be2 Nbd7 11. O-O Be7 12. Qd2 O-O 13. Rfc1 Rac8 14.
a4 a5 15. Ndb5 Qb8 16. Rd1 Rc6 17. Nd4 Rcc8 18. Ndb5 Rc6 19. Bf4 Ne5 20. b3 Rd8 21. Bf1 Nfd7 22. Bd3 Ng6 23. Bg3 h5 24. h3 h4 25. Bh2 Bf6 26. Bc2 Be5 27. f4 Bf6 28. Qe3 Nc5 29. Rd2 Rcc8 30. Rad1 Be7 31. Nd4 Qa8 32. Nf3 Bf6 33. Rxd6 Rxd6 34. Rxd6 Bxc3 35.
Qxc3 Bxe4 36. Rxb6 Qa7 37. Bxe4 Qxb6 38. Bxg6 Nxb3+ 39. Kh1 fxg6 40. Bg1 Qb4 41. Qe5 Qxc4 42. Nxh4 Qd5 43.
Qe3 Kh7 44. Nf3 Nc5 45. Ne5 Ne4 46. Kh2 Nf6 47. Qg3 Kg8 48. Qxg6 Rc7 49. Bf2 Qd2 50. Bg3 Qd1 51. Nf3 Rc1 52. Bf2 Qxa4 53. Ne5 Qe8 54.
Qg3 a4 55. Qe3 Rc2 56. Be1 Nd5 57. Qd4 Rc8 58. Nf3 Qf8 59. Bd2 a3 60. Ng5 Qe8 61. f5 Nf6 62. Nxe6 a2 63. Bc3 Qf7 64. Ba1 Qd7 65. Qe5 Ra8 66. Qb2 Qd6+ 67. Kh1 Qd1+ 68. Kh2 Qd6+ 69. Kg1 Qd7 70. Kh2 Qd6+ 1/2-1/2

[Event "*** Titled Tuesday Blitz"]
[Site "Chess.com"]
[Date "2020.04.21"]
[Round "4"]
[White "kingofkolkata"]
[Black "KinKaiser"]
[Result "0-1"]
[WhiteElo "2235"]
[BlackElo "2449"]
[TimeControl "180+1"]
[EndTime "10:41:49 PDT"]
[Termination "KinKaiser won by resignation"]

1. d4 d5 2. c4 c6 3. Nc3 Nf6 4. e3 g6 5. Nf3 Bg7 6. cxd5 Nxd5 7. h3 O-O 8. Be2 Re8 9. O-O Nxc3 10. bxc3 e5 11. dxe5 Nd7 12. Rb1 Nxe5 13. c4 Qc7 14.
Nxe5 Bxe5 15. Bb2 Bf5 16. Bxe5 Rxe5 17. Rb2 Rd8 18. Rd2 Ree8 19. Qc1 Rxd2 20. Qxd2 Rd8 21. Qc1 Be6 22. Rd1 Rxd1+ 23. Qxd1 Qa5 24. Qb1 b6 25.
Kh2 h5 26. Qb3 Qd2 27. Qd3 Qxa2 28. Qd8+ Kh7 29. Qd3 Kg8 30. Qd8+ Kg7 31. Qd4+ Kh7 32.
Qd3 Qb2 33. f4 Kg7 34. Bf3 Qc1 35. Qd4+ Kh7 36. Bxc6 Qxc4 37. Qd6 Qc5 38. Qxc5 bxc5 39. Kg1 a5 40. Kf2 Bb3 41. Ke1 Kg7 42. Kd2 a4 43. Kc3 Kf6 44. g4 hxg4 45. hxg4 Ke6 46. Be4 Kd6 47. Bb1 Kd5 48. e4+ Kd6 49. e5+ Ke6 50. Kd3 Bd5 51. Kc3 a3 52. Bc2 Ba2 53. Bb3+ Bxb3 54. Kxb3 Kd5 55. Kxa3 Ke4 56. Kb3 Kxf4 57.
Kc4 Kxe5 58. Kxc5 Kf4 59. Kd4 Kxg4 60. Ke5 f5 61. Kf6 f4 62. Kxg6 f3 63. Kh6 f2 64.
Kg6 f1=Q 65. Kh7 Qf5+ 66. Kg8 Qe6+ 67. Kh7 Qd6 68. Kg7 Kg5 69. Kf7 Qf6+ 70. Ke8 Qg7 71.
Kd8 Kf6 72. Kc8 Ke6 73. Kb8 Kd6 74. Ka8 Kc6 0-1